 Dungeon Crawl Stone Soup version 0.28-a0-750-g7c675f85b1 (webtiles) character file.

Game seed: 10144387749918938578

8 ytrimaz the Cudgeller (level 2, 22/22 HPs)
             Began as a Demonspawn Gladiator on Oct 29, 2021.
             Quit the game on level 1 of the Dungeon.
             The game lasted 00:01:05 (435 turns).

ytrimaz the Cudgeller (Demonspawn Gladiator)         Turns: 435, Time: 00:01:05

Health: 22/22      AC: 11    Str: 14    XL:     2   Next: 0%
Magic:  2/2        EV:  4    Int:  9    God:
Gold:   40         SH:  0    Dex: 14    Spells: 1/1 levels left

rFire   . . .      SeeInvis .   a - +0 flail
rCold   . . .      Faith    .   (no shield)
rNeg    . . .      Spirit   .   g - +0 plate armour
rPois   .          Reflect  .   c - +0 helmet
rElec   .          Harm     .   (no cloak)
rCorr   .          Rampage  .   (no gloves)
Will    .....                   (no boots)
Stlth   ..........              (no amulet)
HPRegen 0.07/turn               (no ring)
MPRegen 0.08/turn               (no ring)

@: no status effects
A: demonic magic 1
a: no special abilities


You were on level 1 of the Dungeon.
You visited 1 branch of the dungeon, and saw 1 of its levels.

You collected 40 gold pieces.

Inventory:

Hand Weapons
 a - a +0 flail (weapon)
Missiles
 d - 3 throwing nets (quivered)
Armour
 c - a +0 helmet (worn)
 g - a +0 plate armour (worn)
Scrolls
 b - a scroll of noise {unknown}
 h - a scroll of magic mapping {unknown}
 i - a scroll of immolation {unknown}
Potions
 e - a potion of heal wounds {unknown}
 f - a potion of brilliance {unknown}


   Skills:
 * Level 2.1 Fighting
 + Level 2.8 Maces & Flails
 * Level 0.2 Polearms
 - Level 1.7 Throwing
 * Level 0.3 Armour
 + Level 2.8 Dodging


You had one spell level left.
You didn't know any spells.
Your spell library was empty.

Dungeon Overview and Level Annotations

Branches:
Dungeon (1/15)

Altars:

Shops:
D:1 (


Innate Abilities, Weirdness & Mutations

Spells you cast may paralyse adjacent enemies.


Message History

You open the door.
There is an open door here.
A rat comes into view.
A rat is nearby!
A rat is nearby!
The rat bites you but does no damage.
You sock the rat!
You kill the rat!
You see here a rat corpse.
i - a scroll labelled QEPAWO YRRUDOA You open the door.
There is an open door here.
There is an open door here.
You open the door.
There is an open door here.
There is an open door here.
A quokka comes into view.
A quokka is nearby!
A quokka is nearby!
The quokka bites you.
You sock the quokka!
You kill the quokka!
A hobgoblin comes into view.
The hobgoblin shouts!
A hobgoblin is nearby!
A hobgoblin is nearby!
A hobgoblin is nearby!
Your plate armour prevents you from hitting the hobgoblin.
The hobgoblin hits you but does no damage.
You sock the hobgoblin!
You kill the hobgoblin!
You have reached level 2!
Your demonic ancestry asserts itself...
A menacing aura infuses your magic.
You now have 40 gold pieces (gained 8).
You open the door.
There is an open door here.
A rat comes into view.
The rat moves out of view.
Are you sure you want to abandon this character and quit the game? (Confirm with "yes".)

###### ### # #....#
#.####### # #....#
#........ #
####....###.....# #
........'..@....# #
######....###.....# #
..........+ #.#......
#########....###.#.###..
.................. . .
####.#######.###.. ..
........# #.# #### .#
####.##.# #.# .. #.##.#
#.#


There were no monsters in sight!

Vanquished Creatures
  A dart slug (D:1)
  A goblin (D:1)
  A hobgoblin (D:1)
  A quokka (D:1)
  2 rats (D:1)
6 creatures vanquished.

Notes
Turn   | Place    | Note
-------+----------+-------------------------------------------
     0 | D:1      | ytrimaz the Demonspawn Gladiator began the quest for the
                  | Orb.
     0 | D:1      | Reached XP level 1. HP: 16/16 MP: 1/1
    30 | D:1      | Found Fakhop's Weapon Boutique.
   424 | D:1      | Gained mutation: Spells you cast may paralyse adjacent
                  | enemies. [demonic ancestry]
   424 | D:1      | Reached XP level 2. HP: 22/22 MP: 2/2
   435 | D:1      | Quit the game

Illustrated notes

Levels and vault maps discovered:
D:1:      dpeg_arrival_fog, layout_basic, serial_shops, shop

Action                   || total
-------------------------++-------
Melee: Flail             ||    11
Armor: Plate armour      ||     4
       Leather armour    ||     1
Dodge: Dodged            ||     2

Table legend: (Time is in decaauts)
 A = Elapsed time spent in this place.
 B = Non-inter-level travel time spent in this place.
 C = Inter-level travel time spent in this place.
 D = Time resting spent in this place.
 E = Time spent auto-exploring this place.
 F = Levels seen in this place.
 G = Mean time per level.
                   A        B        C        D        E       F      G
               +--------+--------+--------+--------+--------+-----+--------+
         Total |    438 |    438 |      0 |      0 |    360 |   1 |  438.0 |
       Dungeon |    438 |    438 |      0 |      0 |    360 |   1 |  438.0 |
               +--------+--------+--------+--------+--------+-----+--------+

Top non-repeatable levels by time:
     D:1: 438 daAuts
